Penguins vs MapleLeafs

Created - Thursday, October 09, 2014 at 23:02

Goals
1 2 3 OT1 T
Penguins 1 0 0 0 1
MapleLeafs 0 1 0 1 2
Shots
1 2 3 OT1 T
Penguins 9 14 10 0 33
MapleLeafs 5 12 19 2 38

1st period

1. Penguins , Mikael Granlund 1 (Patrick Sharp) at 13:34

Penalties :
Marcus Foligno (Pit) for High sticking (Minor) at 4:58, Drew Doughty (Tor) for Hooking (Minor) at 14:50

2nd period

2. MapleLeafs , Brendan Smith 1 (Alexander Steen, Justin Williams) at 18:10

Penalties :
Mark Giordano (Pit) for Interference (Minor) at 2:18, Lee Stempniak (Tor) for Elbowing (Minor) at 9:27

3rd period

No Goal

Penalties :
No Penalty

Overtime #1

3. MapleLeafs , Joe Thornton 1 (Drew Doughty, Alexander Steen) at 0:33

Penalties :
No Penalty

Goalie Stats

Ryan Miller (Pit), 36 saves from 38 shots - (0.947), OTL, 1-0-1, 60:33 minutes
Cory Schneider (Tor), 32 saves from 33 shots - (0.970), W, 1-0-1, 60:33 minutes

Players Stats for Penguins

Player Name              G  A  P  +/- PIM S  H  SB GA TA FO     MP     PP MP  PK MP  
------------------------------------------------------------------------------------
Anton Volchenkov         0  0  0   0  0   0  2  2  0  2  0/0    20:24   0:00   2:30 
Chris Butler             0  0  0   0  0   0  0  1  0  0  0/0    15:11   0:00   1:27 
Chris Kelly              0  0  0   0  0   2  2  0  0  1  0/1    14:25   0:00   3:09 
Christian Ehrhoff        0  0  0   0  0   2  1  1  0  2  0/0    19:45   2:14   0:00 
Cody Ceci                0  0  0   0  0   3  0  0  1  2  0/0    15:53   1:44   0:42 
Dan Hamhuis              0  0  0  -1  0   0  0  4  0  0  0/0    25:35   1:44   2:30 
David Legwand            0  0  0   0  0   2  1  0  0  0  8/12   14:14   1:50   0:00 
Jarome Iginla            0  0  0   1  0   2  0  0  0  0  0/0    18:39   1:50   0:18 
Jimmy Hayes              0  0  0  -1  0   3  3  0  0  0  0/0    11:58   0:00   0:00 
Marcus Foligno           0  0  0   0  2   0  0  0  0  0  0/0     3:41   0:00   0:30 
Mark Giordano            0  0  0  -1  2   1  0  1  2  1  0/0    24:41   2:14   0:45 
Mikael Granlund          1  0  1   0  0   5  0  0  1  0  9/24   18:27   2:08   0:00 
Nail Yakupov             0  0  0  -1  0   4  0  0  5  1  0/0    15:37   0:00   0:00 
Nate Thompson            0  0  0   0  0   0  1  0  0  0  4/9    12:15   0:00   0:48 
Nathan MacKinnon         0  0  0   0  0   6  3  2  6  0  0/0    18:50   1:50   0:00 
Patrick Sharp            0  1  1   0  0   0  2  0  4  0  1/1    18:27   2:08   0:00 
Paul Gaustad             0  0  0  -1  0   1  3  0  2  0  7/13   15:35   0:00   3:09 
Vladimir Tarasenko       0  0  0   0  0   2  0  0  3  0  0/0    14:26   2:08   0:00 

Players Stats for MapleLeafs

Player Name              G  A  P  +/- PIM S  H  SB GA TA FO     MP     PP MP  PK MP  
------------------------------------------------------------------------------------
Alexander Steen          0  2  2   2  0   5  0  0  7  0  0/0    19:06   2:49   0:00 
Brandon Sutter           0  0  0   0  0   3  1  0  0  0  5/14   14:21   0:00   3:27 
Brendan Smith            1  0  1   1  0   1  2  1  0  0  0/0    11:55   0:00   0:00 
David Savard             0  0  0   1  0   1  0  3  0  5  0/0    16:52   0:00   1:15 
Dominic Moore            0  0  0   0  0   1  1  1  0  0  0/1    11:23   0:00   0:31 
Drew Doughty             0  1  1   1  2   4  0  0  0  3  0/0    24:49   2:39   0:00 
Gregory Campbell         0  0  0   0  0   1  0  0  0  0  0/1    14:21   0:00   3:27 
Joe Thornton             1  0  1   2  0   1  1  1  2  0  12/23  19:06   2:49   0:00 
Justin Williams          0  1  1   1  0   1  0  0  0  0  0/0    18:33   2:49   0:00 
Karl Alzner              0  0  0   1  0   2  1  2  0  1  0/0    25:02   2:39   1:15 
Kyle Palmieri            0  0  0   0  0   6  1  1  2  0  0/0    10:54   0:00   0:00 
Lee Stempniak            0  0  0  -1  2   0  2  0  0  0  0/0    16:25   1:08   0:00 
Marc-Edouard Vlasic      0  0  0  -1  0   2  0  0  0  0  0/0    21:20   1:18   2:43 
Nick Foligno             0  0  0   0  0   2  0  0  1  0  0/0    10:01   0:00   0:00 
Robyn Regehr             0  0  0  -1  0   4  4  1  0  1  0/0    21:09   1:18   2:43 
Ryan Kesler              0  0  0  -1  0   0  3  1  4  0  8/12   17:03   1:08   0:31 
Zach Parise              0  0  0  -1  0   1  2  0  1  1  0/1    15:41   1:08   0:00 
Zack Smith               0  0  0   0  0   3  2  0  0  0  6/8    10:01   0:00   0:00 

3 Stars

1 - Cory Schneider (Tor)
2 - Joe Thornton (Tor)
3 - Brendan Smith (Tor)

Power Play

Penguins - 0 on 2 Attempt(s) - 0.00%
MapleLeafs - 0 on 2 Attempt(s) - 0.00%

Penalty Kill

Penguins - 2 on 2 Attempt(s) - 100.00% - Score 0 goal in Penalty Kill
MapleLeafs - 2 on 2 Attempt(s) - 100.00% - Score 0 goal in Penalty Kill

Official

Referees : Unknown
Linesman : Unknown

Game Notes

Marcus Foligno is injured at 3:47 of 2nd period (Sore Left Knee)
Brendan Smith is injured at 11:20 of 3rd period (Sore Right Knee)

Finance

Level 1 -- Attendance: 4209 (70.15%) -- Ticket Income $441,945
Level 2 -- Attendance: 2777 (55.54%) -- Ticket Income $222,160
Level 3 -- Attendance: 1061 (53.05%) -- Ticket Income $50,928
Level 4 -- Attendance: 2120 (53.00%) -- Ticket Income $74,200
Luxury Box -- Attendance: 998 (99.80%) -- Ticket Income $174,650
Game was played at the Air Canada Centre
Total Attendance: 11165 (62.03%)
Total Ticket Income: $963,883
Other Income: $472,303
Total Income: $1,436,186

Penguins

5 vs 5 Forward 
   Center                   Left Wing                Right Wing               Time % Phy DF OF 
 1 Mikael Granlund          Patrick Sharp            Jarome Iginla            35     1   2  2  
 2 David Legwand            Vladimir Tarasenko       Nathan MacKinnon         30     1   2  2  
 3 Paul Gaustad             Nail Yakupov             Jimmy Hayes              22     1   2  2  
 4 Nate Thompson            Chris Kelly              Marcus Foligno           13     1   2  2  

5 vs 5 Defense 
   Defense                  Defense                                           Time % Phy DF OF 
 1 Mark Giordano            Dan Hamhuis                                       40     1   2  2  
 2 Anton Volchenkov         Christian Ehrhoff                                 35     1   2  2  
 3 Chris Butler             Cody Ceci                                         20     1   2  2  
 4 Chris Butler             Cody Ceci                                         5      1   2  2  

PowerPlay Forward 
   Center                   Left Wing                Right Wing               Time % Phy DF OF 
 1 Mikael Granlund          Patrick Sharp            Vladimir Tarasenko       60     1   1  3  
 2 David Legwand            Jarome Iginla            Nathan MacKinnon         40     1   1  3  

PowerPlay Defense
   Defense                  Defense                                           Time % Phy DF OF 
 1 Mark Giordano            Christian Ehrhoff                                 60     1   1  3  
 2 Dan Hamhuis              Cody Ceci                                         40     1   1  3  

Penalty Kill 4 Players Forward 
   Center                   Wing                     Time % Phy DF OF 
 1 Paul Gaustad             Chris Kelly              60     1   3  1  
 2 Nate Thompson            Marcus Foligno           40     1   3  1  

Penalty Kill 4 Players Defense
   Defense                  Defense                  Time % Phy DF OF 
 1 Anton Volchenkov         Dan Hamhuis              60     1   3  1  
 2 Chris Butler             Mark Giordano            40     1   3  1  

Penalty Kill - 3 Players Forward 
   Forward                                           Time % Phy DF OF 
 1 Paul Gaustad                                      60     1   3  1  
 2 Nate Thompson                                     40     1   3  1  

Penalty Kill - 3 Players Defense
   Defense                  Defense                  Time % Phy DF OF 
 1 Anton Volchenkov         Dan Hamhuis              60     1   3  1  
 2 Chris Butler             Mark Giordano            40     1   3  1  

4 vs 4 Forward 
   Center                   Wing                     Time % Phy DF OF 
 1 Mikael Granlund          Patrick Sharp            60     1   2  2  
 2 David Legwand            Nathan MacKinnon         40     1   2  2  

4 vs 4 Defense
   Defense                  Defense                  Time % Phy DF OF 
 1 Mark Giordano            Dan Hamhuis              60     1   2  2  
 2 Christian Ehrhoff        Anton Volchenkov         40     1   2  2  

Last Minutes Offensive
   Center                   Left Wing                Right Wing               Defense                  Defense                  
   Mikael Granlund          Patrick Sharp            Jarome Iginla            Mark Giordano            Dan Hamhuis              

Last Minutes Defensive
   Center                   Left Wing                Right Wing               Defense                  Defense                  
   Mikael Granlund          Patrick Sharp            Jarome Iginla            Mark Giordano            Dan Hamhuis              

Goaltenders
Starting : Ryan Miller              
Backup : Alex Stalock             

Extra Forwards
Normal : Nathan MacKinnon, Nail Yakupov, Marcus Foligno - PP : Nathan MacKinnon, Nail Yakupov - PK : Jarome Iginla
Extra Defensemen
Normal : Cody Ceci, Mark Giordano, Christian Ehrhoff - PP : Cody Ceci - PK : Cody Ceci, Christian Ehrhoff
Penalty Shots
Patrick Sharp, Jimmy Hayes, Nathan MacKinnon, Vladimir Tarasenko, David Legwand

MapleLeafs

5 vs 5 Forward 
   Center                   Left Wing                Right Wing               Time % Phy DF OF 
 1 Joe Thornton             Alexander Steen          Justin Williams          35     0   1  4  
 2 Ryan Kesler              Zach Parise              Lee Stempniak            30     0   2  3  
 3 Brandon Sutter           Gregory Campbell         Kyle Palmieri            22     1   3  1  
 4 Zack Smith               Dominic Moore            Nick Foligno             13     2   3  0  

5 vs 5 Defense 
   Defense                  Defense                                           Time % Phy DF OF 
 1 Drew Doughty             Karl Alzner                                       35     1   2  2  
 2 Robyn Regehr             Marc-Edouard Vlasic                               33     1   2  2  
 3 Brendan Smith            David Savard                                      22     2   3  0  
 4 Drew Doughty             Karl Alzner                                       10     0   3  2  

PowerPlay Forward 
   Center                   Left Wing                Right Wing               Time % Phy DF OF 
 1 Joe Thornton             Alexander Steen          Justin Williams          60     0   1  4  
 2 Ryan Kesler              Zach Parise              Lee Stempniak            40     0   1  4  

PowerPlay Defense
   Defense                  Defense                                           Time % Phy DF OF 
 1 Drew Doughty             Karl Alzner                                       60     1   1  3  
 2 Robyn Regehr             Marc-Edouard Vlasic                               40     1   1  3  

Penalty Kill 4 Players Forward 
   Center                   Wing                     Time % Phy DF OF 
 1 Brandon Sutter           Gregory Campbell         60     1   4  0  
 2 Ryan Kesler              Dominic Moore            40     1   4  0  

Penalty Kill 4 Players Defense
   Defense                  Defense                  Time % Phy DF OF 
 1 Drew Doughty             Karl Alzner              60     1   4  0  
 2 Robyn Regehr             Marc-Edouard Vlasic      40     1   4  0  

Penalty Kill - 3 Players Forward 
   Forward                                           Time % Phy DF OF 
 1 Brandon Sutter                                    60     0   5  0  
 2 Ryan Kesler                                       40     0   5  0  

Penalty Kill - 3 Players Defense
   Defense                  Defense                  Time % Phy DF OF 
 1 Drew Doughty             Karl Alzner              60     0   5  0  
 2 Robyn Regehr             Marc-Edouard Vlasic      40     0   5  0  

4 vs 4 Forward 
   Center                   Wing                     Time % Phy DF OF 
 1 Joe Thornton             Alexander Steen          60     0   1  4  
 2 Ryan Kesler              Zach Parise              40     0   2  3  

4 vs 4 Defense
   Defense                  Defense                  Time % Phy DF OF 
 1 Drew Doughty             Karl Alzner              60     1   2  2  
 2 Robyn Regehr             Marc-Edouard Vlasic      40     1   2  2  

Last Minutes Offensive
   Center                   Left Wing                Right Wing               Defense                  Defense                  
   Alexander Steen          Zach Parise              Ryan Kesler              Drew Doughty             Karl Alzner              

Last Minutes Defensive
   Center                   Left Wing                Right Wing               Defense                  Defense                  
   Alexander Steen          Zach Parise              Ryan Kesler              Drew Doughty             Karl Alzner              

Goaltenders
Starting : Cory Schneider           
Backup : Ondrej Pavelec           

Extra Forwards
Normal : Brandon Sutter, Lee Stempniak, Nick Foligno - PP : Brandon Sutter, Lee Stempniak - PK : Nick Foligno
Extra Defensemen
Normal : Brendan Smith, David Savard, Robyn Regehr - PP : Brendan Smith - PK : David Savard, Robyn Regehr
Penalty Shots
Alexander Steen, Joe Thornton, Zach Parise, Ryan Kesler, Brandon Sutter

% Time on Ice - Penguins

Lines # - Real PCT - Wanted PCT - Time Play
Normal Forward
1 - 31% - 35% - 16:14
2 - 25% - 30% - 13:04
3 - 23% - 22% - 11:58
4 - 21% - 13% - 10:48
Normal Defense
1 - 40% - 40% - 20:36
2 - 35% - 35% - 18:18
3 - 21% - 20% - 11:08
4 - 4% - 5% - 2:02
PP Forward
1 - 54% - 60% - 2:08
2 - 46% - 40% - 1:50
PP Defense
1 - 56% - 60% - 2:14
2 - 44% - 40% - 1:44
PK Forward
1 - 79% - 60% - 3:09
2 - 21% - 40% - 0:49
PK Defense
1 - 63% - 60% - 2:30
2 - 37% - 40% - 1:28
PK3 Forward
1 - 0% - 60%
2 - 0% - 40%
PK3 Defense
1 - 0% - 60%
2 - 0% - 40%
44 Forward
1 - 100% - 60% - 0:33
2 - 0% - 40% - 0:00
44 Defense
1 - 100% - 60% - 0:33
2 - 0% - 40% - 0:00
Last Minute Offensive  - 0:00
Last Minute Defensive  - 0:00
Total
Forward - 60:33
Defense - 60:33

% Time on Ice - MapleLeafs

Lines # - Real PCT - Wanted PCT - Time Play
Normal Forward
1 - 30% - 35% - 15:45
2 - 30% - 30% - 15:24
3 - 21% - 22% - 10:54
4 - 19% - 13% - 10:01
Normal Defense
1 - 33% - 35% - 16:57
2 - 32% - 33% - 16:45
3 - 30% - 22% - 15:38
4 - 5% - 10% - 2:44
PP Forward
1 - 71% - 60% - 2:49
2 - 29% - 40% - 1:09
PP Defense
1 - 67% - 60% - 2:39
2 - 33% - 40% - 1:19
PK Forward
1 - 87% - 60% - 3:27
2 - 13% - 40% - 0:31
PK Defense
1 - 32% - 60% - 1:15
2 - 68% - 40% - 2:43
PK3 Forward
1 - 0% - 60%
2 - 0% - 40%
PK3 Defense
1 - 0% - 60%
2 - 0% - 40%
44 Forward
1 - 100% - 60% - 0:33
2 - 0% - 40% - 0:00
44 Defense
1 - 100% - 60% - 0:33
2 - 0% - 40% - 0:00
Last Minute Offensive  - 0:00
Last Minute Defensive  - 0:00
Total
Forward - 60:33
Defense - 60:33

Play by Play

1st period


0:01 of 1st period - Joe Thornton wins face-off versus Mikael Granlund in neutral zone.
0:04 of 1st period - Dan Hamhuis is hit by Karl Alzner and loses puck.
0:18 of 1st period - Slapshot by Mark Giordano.
0:18 of 1st period - Shot Blocked by Joe Thornton.
0:26 of 1st period - Snap shot by Jarome Iginla.
0:26 of 1st period - Deflect By Patrick Sharp.
0:26 of 1st period - Shot Blocked by Karl Alzner.
0:26 of 1st period - Puck is out of play.
0:27 of 1st period - David Legwand wins face-off versus Ryan Kesler in MapleLeafs zone.
0:40 of 1st period - Snap shot by David Legwand.
0:40 of 1st period - Deflect By Nathan MacKinnon.
0:40 of 1st period - Shot Blocked by Robyn Regehr.
0:40 of 1st period - Puck is out of play.
0:41 of 1st period - David Legwand wins face-off versus Ryan Kesler in MapleLeafs zone.
0:52 of 1st period - Snap shot by Nathan MacKinnon.
0:52 of 1st period - Shot Misses the Net.
1:12 of 1st period - Snap shot by Nathan MacKinnon.
1:12 of 1st period - Stopped by Cory Schneider without a rebound.
1:13 of 1st period - Paul Gaustad wins face-off versus Brandon Sutter in MapleLeafs zone.
1:54 of 1st period - Kyle Palmieri is hit by Paul Gaustad and loses puck.
2:07 of 1st period - Nick Foligno is hit by Chris Kelly and loses puck.
2:38 of 1st period - Dan Hamhuis is hit by Zack Smith and loses puck.
3:13 of 1st period - Snap shot by Alexander Steen.
3:13 of 1st period - Shot Misses the Net.
3:31 of 1st period - Zach Parise is hit by Patrick Sharp and loses puck.
4:31 of 1st period - Gregory Campbell is hit by Jimmy Hayes and loses puck.
4:45 of 1st period - Icing by Robyn Regehr.
4:46 of 1st period - Nate Thompson wins face-off versus Brandon Sutter in MapleLeafs zone.
4:58 of 1st period - Minor Penalty to Marcus Foligno for High sticking.
4:59 of 1st period - Paul Gaustad wins face-off versus Joe Thornton in Penguins zone.
5:07 of 1st period - Slapshot by Dan Hamhuis.
5:07 of 1st period - Deflect By Chris Kelly.
5:07 of 1st period - Deflect By Alexander Steen.
5:07 of 1st period - Stopped by Cory Schneider without a rebound.
5:08 of 1st period - Joe Thornton wins face-off versus Paul Gaustad in MapleLeafs zone.
5:22 of 1st period - Off-side.
5:23 of 1st period - Ryan Kesler wins face-off versus Chris Kelly in neutral zone.
5:28 of 1st period - Slapshot by Zach Parise.
5:28 of 1st period - Shot Blocked by Dan Hamhuis.
6:01 of 1st period - Snap shot by Zach Parise.
6:01 of 1st period - Shot Misses the Net.
6:20 of 1st period - Slapshot by Robyn Regehr.
6:20 of 1st period - Deflect By Alexander Steen.
6:20 of 1st period - Shot Misses the Net.
6:20 of 1st period - Puck is out of play.
6:21 of 1st period - Paul Gaustad wins face-off versus Joe Thornton in Penguins zone.
6:58 of 1st period - Penalty to Marcus Foligno is over, Marcus Foligno is back on ice.
7:30 of 1st period - Zack Smith is hit by Nate Thompson and loses puck.
7:43 of 1st period - Anton Volchenkov is hit by Zack Smith and loses puck.
7:50 of 1st period - Dan Hamhuis is hit by Robyn Regehr and loses puck.
7:57 of 1st period - Marc-Edouard Vlasic is hit by Nathan MacKinnon and loses puck.
8:25 of 1st period - Dominic Moore is hit by Anton Volchenkov and loses puck.
9:42 of 1st period - Dan Hamhuis is hit by Brendan Smith and loses puck.
10:34 of 1st period - Snap shot by Nathan MacKinnon.
10:34 of 1st period - Stopped by Cory Schneider without a rebound.
10:35 of 1st period - Ryan Kesler wins face-off versus Mikael Granlund in MapleLeafs zone.
10:35 of 1st period - Ryan Kesler is hit by Patrick Sharp.
10:40 of 1st period - Off-side.
10:41 of 1st period - Ryan Kesler wins face-off versus Mikael Granlund in neutral zone.
10:46 of 1st period - Wrist shot by Zach Parise.
10:46 of 1st period - Shot Blocked by Chris Butler.
11:08 of 1st period - Snap shot by Patrick Sharp.
11:08 of 1st period - Shot Misses the Net.
11:10 of 1st period - Backhand shot by Cody Ceci.
11:10 of 1st period - Deflect By Patrick Sharp.
11:10 of 1st period - Shot Misses the Net.
11:10 of 1st period - Puck is out of play.
11:11 of 1st period - Joe Thornton wins face-off versus David Legwand in MapleLeafs zone.
11:33 of 1st period - Icing by David Legwand.
11:34 of 1st period - David Legwand wins face-off versus Brandon Sutter in Penguins zone.
11:39 of 1st period - Gregory Campbell is hit by Nathan MacKinnon and loses puck.
11:44 of 1st period - Snap shot by Nathan MacKinnon.
11:44 of 1st period - Shot Misses the Net.
12:00 of 1st period - Slapshot by Kyle Palmieri.
12:00 of 1st period - Shot Misses the Net.
12:32 of 1st period - Drew Doughty is hit by Paul Gaustad and loses puck.
12:57 of 1st period - Snap shot by Alexander Steen.
12:57 of 1st period - Deflect By Mark Giordano.
12:57 of 1st period - Stopped by Ryan Miller without a rebound.
12:58 of 1st period - Mikael Granlund wins face-off versus Ryan Kesler in Penguins zone.
13:04 of 1st period - Slapshot by Cody Ceci.
13:04 of 1st period - Stopped by Cory Schneider without a rebound.
13:05 of 1st period - Ryan Kesler wins face-off versus Mikael Granlund in MapleLeafs zone.
13:16 of 1st period - Wrist shot by Jarome Iginla.
13:16 of 1st period - Stopped by Cory Schneider without a rebound.
13:17 of 1st period - Mikael Granlund wins face-off versus Ryan Kesler in MapleLeafs zone.
13:32 of 1st period - Snap shot by Mikael Granlund.
13:32 of 1st period - Stopped by Cory Schneider with a rebound.
13:34 of 1st period - Snap shot by Mikael Granlund.
13:34 of 1st period - Goal by Mikael Granlund - Penguins : 1 - MapleLeafs : 0.
13:35 of 1st period - Mikael Granlund wins face-off versus Joe Thornton in neutral zone.
13:55 of 1st period - Slapshot by Alexander Steen.
13:55 of 1st period - Shot Blocked by Dan Hamhuis.
14:08 of 1st period - Off-side.
14:09 of 1st period - Ryan Kesler wins face-off versus Paul Gaustad in neutral zone.
14:26 of 1st period - Snap shot by Zach Parise.
14:26 of 1st period - Shot Misses the Net.
14:31 of 1st period - Off-side.
14:32 of 1st period - David Legwand wins face-off versus Brandon Sutter in neutral zone.
14:50 of 1st period - Minor Penalty to Drew Doughty for Hooking.
14:51 of 1st period - Mikael Granlund wins face-off versus Brandon Sutter in MapleLeafs zone.
14:57 of 1st period - Snap shot by Vladimir Tarasenko.
14:57 of 1st period - Stopped by Cory Schneider with a rebound.
14:59 of 1st period - Slapshot by Christian Ehrhoff.
14:59 of 1st period - Stopped by Cory Schneider with a rebound.
15:01 of 1st period - Snap shot by Christian Ehrhoff.
15:01 of 1st period - Shot Misses the Net.
15:17 of 1st period - Wrist shot by Vladimir Tarasenko.
15:17 of 1st period - Deflect By Patrick Sharp.
15:17 of 1st period - Shot Misses the Net.
15:17 of 1st period - Puck is out of play.
15:18 of 1st period - Brandon Sutter wins face-off versus David Legwand in MapleLeafs zone.
16:14 of 1st period - Snap shot by Brandon Sutter.
16:14 of 1st period - Stopped by Ryan Miller with a rebound.
16:50 of 1st period - Penalty to Drew Doughty is over, Drew Doughty is back on ice.
17:06 of 1st period - Slapshot by Drew Doughty.
17:06 of 1st period - Stopped by Ryan Miller without a rebound.
17:07 of 1st period - Paul Gaustad wins face-off versus Joe Thornton in Penguins zone.
17:44 of 1st period - Wrist shot by Alexander Steen.
17:44 of 1st period - Stopped by Ryan Miller with a rebound.
18:11 of 1st period - Snap shot by Zach Parise.
18:11 of 1st period - Shot Blocked by Christian Ehrhoff.
18:24 of 1st period - Off-side.
18:25 of 1st period - Zack Smith wins face-off versus Nate Thompson in neutral zone.
18:30 of 1st period - Wrist shot by Nick Foligno.
18:30 of 1st period - Deflect By Zack Smith.
18:30 of 1st period - Stopped by Ryan Miller with a rebound.
19:18 of 1st period - Chris Butler is hit by Robyn Regehr and loses puck.
Goals for this period are 1 for Penguins vs 0 for MapleLeafs.
Shots for this period are 9 for Penguins vs 5 for MapleLeafs.

2nd period


0:01 of 2nd period - Joe Thornton wins face-off versus Mikael Granlund in neutral zone.
1:09 of 2nd period - Slapshot by Zach Parise.
1:09 of 2nd period - Shot Blocked by Nathan MacKinnon.
1:11 of 2nd period - Slapshot by Robyn Regehr.
1:11 of 2nd period - Stopped by Ryan Miller without a rebound.
1:12 of 2nd period - Ryan Kesler wins face-off versus Paul Gaustad in Penguins zone.
1:17 of 2nd period - Snap shot by Zach Parise.
1:17 of 2nd period - Stopped by Ryan Miller with a rebound.
1:19 of 2nd period - Slapshot by Robyn Regehr.
1:19 of 2nd period - Stopped by Ryan Miller with a rebound.
1:36 of 2nd period - Icing by Paul Gaustad.
1:37 of 2nd period - Paul Gaustad wins face-off versus Brandon Sutter in Penguins zone.
1:46 of 2nd period - Slapshot by Jimmy Hayes.
1:46 of 2nd period - Stopped by Cory Schneider with a rebound.
2:09 of 2nd period - Wrist shot by Kyle Palmieri.
2:09 of 2nd period - Shot Blocked by Anton Volchenkov.
2:11 of 2nd period - Snap shot by Gregory Campbell.
2:11 of 2nd period - Deflect By Brandon Sutter.
2:11 of 2nd period - Shot Misses the Net.
2:11 of 2nd period - Puck is out of play.
2:12 of 2nd period - Zack Smith wins face-off versus Mikael Granlund in Penguins zone.
2:18 of 2nd period - Minor Penalty to Mark Giordano for Interference.
2:19 of 2nd period - Paul Gaustad wins face-off versus Joe Thornton in Penguins zone.
3:46 of 2nd period - Marcus Foligno is hit by Zach Parise and loses puck.
3:47 of 2nd period - Marcus Foligno from Penguins is injured at 3:47 of 2nd period (Sore Left Knee).
3:48 of 2nd period - Joe Thornton wins face-off versus Paul Gaustad in Penguins zone.
4:18 of 2nd period - Penalty to Mark Giordano is over, Mark Giordano is back on ice.
4:56 of 2nd period - Chris Butler is hit by Lee Stempniak.
5:43 of 2nd period - Wrist shot by Kyle Palmieri.
5:43 of 2nd period - Stopped by Ryan Miller with a rebound.
6:08 of 2nd period - Slapshot by David Legwand.
6:08 of 2nd period - Stopped by Cory Schneider without a rebound.
6:09 of 2nd period - Joe Thornton wins face-off versus Nate Thompson in MapleLeafs zone.
6:09 of 2nd period - Joe Thornton is hit by Nathan MacKinnon.
7:23 of 2nd period - Slapshot by Dominic Moore.
7:23 of 2nd period - Stopped by Ryan Miller with a rebound.
7:25 of 2nd period - Slapshot by Marc-Edouard Vlasic.
7:25 of 2nd period - Stopped by Ryan Miller without a rebound.
7:26 of 2nd period - Mikael Granlund wins face-off versus Zach Parise in Penguins zone.
7:26 of 2nd period - Mikael Granlund is hit by Ryan Kesler.
7:50 of 2nd period - Snap shot by Mikael Granlund.
7:50 of 2nd period - Shot Misses the Net.
7:52 of 2nd period - Snap shot by Mikael Granlund.
7:52 of 2nd period - Stopped by Cory Schneider without a rebound.
7:53 of 2nd period - David Legwand wins face-off versus Brandon Sutter in MapleLeafs zone.
8:00 of 2nd period - Snap shot by David Legwand.
8:00 of 2nd period - Shot Misses the Net.
8:02 of 2nd period - Snap shot by Anton Volchenkov.
8:02 of 2nd period - Shot Misses the Net.
8:16 of 2nd period - Snap shot by Nathan MacKinnon.
8:16 of 2nd period - Deflect By Vladimir Tarasenko.
8:16 of 2nd period - Shot Misses the Net.
8:16 of 2nd period - Puck is out of play.
8:17 of 2nd period - Mikael Granlund wins face-off versus Joe Thornton in MapleLeafs zone.
9:09 of 2nd period - Karl Alzner is hit by Chris Kelly and loses puck.
9:18 of 2nd period - Snap shot by Mark Giordano.
9:18 of 2nd period - Deflect By Chris Kelly.
9:18 of 2nd period - Stopped by Cory Schneider with a rebound.
9:20 of 2nd period - Slapshot by Dan Hamhuis.
9:20 of 2nd period - Shot Blocked by Karl Alzner.
9:27 of 2nd period - Minor Penalty to Lee Stempniak for Elbowing.
9:28 of 2nd period - Brandon Sutter wins face-off versus Mikael Granlund in MapleLeafs zone.
11:06 of 2nd period - Wrist shot by Jarome Iginla.
11:06 of 2nd period - Shot Misses the Net.
11:27 of 2nd period - Penalty to Lee Stempniak is over, Lee Stempniak is back on ice.
11:50 of 2nd period - Wrist shot by Nail Yakupov.
11:50 of 2nd period - Shot Blocked by Dominic Moore.
11:52 of 2nd period - Wrist shot by Cody Ceci.
11:52 of 2nd period - Stopped by Cory Schneider with a rebound.
11:54 of 2nd period - Slapshot by Cody Ceci.
11:54 of 2nd period - Shot Blocked by Ryan Kesler.
11:56 of 2nd period - Backhand shot by Jimmy Hayes.
11:56 of 2nd period - Shot Misses the Net.
11:58 of 2nd period - Slapshot by Chris Butler.
11:58 of 2nd period - Shot Hit the Post.
12:00 of 2nd period - Snap shot by Jimmy Hayes.
12:00 of 2nd period - Stopped by Cory Schneider without a rebound.
12:01 of 2nd period - Nate Thompson wins face-off versus Joe Thornton in MapleLeafs zone.
12:28 of 2nd period - Snap shot by Nail Yakupov.
12:28 of 2nd period - Shot Misses the Net.
13:10 of 2nd period - Off-side.
13:11 of 2nd period - Ryan Kesler wins face-off versus David Legwand in neutral zone.
13:20 of 2nd period - Wrist shot by David Legwand.
13:20 of 2nd period - Shot Misses the Net.
13:38 of 2nd period - Wrist shot by David Legwand.
13:38 of 2nd period - Stopped by Cory Schneider with a rebound.
13:49 of 2nd period - Off-side.
13:50 of 2nd period - Joe Thornton wins face-off versus Mikael Granlund in neutral zone.
14:20 of 2nd period - Icing by Chris Butler.
14:21 of 2nd period - Zack Smith wins face-off versus Mikael Granlund in Penguins zone.
15:04 of 2nd period - Wrist shot by Nathan MacKinnon.
15:04 of 2nd period - Stopped by Cory Schneider with a rebound.
15:24 of 2nd period - Wrist shot by Nail Yakupov.
15:24 of 2nd period - Shot Misses the Net.
15:26 of 2nd period - Wrist shot by Jimmy Hayes.
15:26 of 2nd period - Shot Blocked by David Savard.
15:28 of 2nd period - Wrist shot by Dan Hamhuis.
15:28 of 2nd period - Shot Blocked by David Savard.
15:30 of 2nd period - Wrist shot by Paul Gaustad.
15:30 of 2nd period - Deflect By Jimmy Hayes.
15:30 of 2nd period - Stopped by Cory Schneider with a rebound.
15:32 of 2nd period - Snap shot by Nail Yakupov.
15:32 of 2nd period - Stopped by Cory Schneider without a rebound.
15:33 of 2nd period - David Legwand wins face-off versus Joe Thornton in MapleLeafs zone.
15:36 of 2nd period - Slapshot by David Legwand.
15:36 of 2nd period - Shot Misses the Net.
15:50 of 2nd period - Drew Doughty is hit by David Legwand and loses puck.
16:03 of 2nd period - Wrist shot by Joe Thornton.
16:03 of 2nd period - Shot Misses the Net.
16:29 of 2nd period - Slapshot by Jarome Iginla.
16:29 of 2nd period - Deflect By Mikael Granlund.
16:29 of 2nd period - Shot Misses the Net.
16:29 of 2nd period - Puck is out of play.
16:30 of 2nd period - Mikael Granlund wins face-off versus Brandon Sutter in MapleLeafs zone.
16:41 of 2nd period - Wrist shot by Jarome Iginla.
16:41 of 2nd period - Stopped by Cory Schneider with a rebound.
16:43 of 2nd period - Wrist shot by Mark Giordano.
16:43 of 2nd period - Shot Misses the Net.
16:53 of 2nd period - Snap shot by Jarome Iginla.
16:53 of 2nd period - Shot Blocked by Kyle Palmieri.
17:23 of 2nd period - Zach Parise is hit by Paul Gaustad and loses puck.
17:35 of 2nd period - David Savard is hit by Jimmy Hayes and loses puck.
17:53 of 2nd period - Paul Gaustad is hit by Brendan Smith and loses puck.
18:08 of 2nd period - Slapshot by Alexander Steen.
18:08 of 2nd period - Stopped by Ryan Miller with a rebound.
18:10 of 2nd period - Wrist shot by Brendan Smith.
18:10 of 2nd period - Goal by Brendan Smith - Penguins : 1 - MapleLeafs : 1.
18:11 of 2nd period - Brandon Sutter wins face-off versus Nate Thompson in neutral zone.
18:16 of 2nd period - Slapshot by Kyle Palmieri.
18:16 of 2nd period - Stopped by Ryan Miller with a rebound.
18:26 of 2nd period - Slapshot by Drew Doughty.
18:26 of 2nd period - Deflect By Christian Ehrhoff.
18:26 of 2nd period - Stopped by Ryan Miller with a rebound.
18:28 of 2nd period - Slapshot by Drew Doughty.
18:28 of 2nd period - Stopped by Ryan Miller without a rebound.
18:29 of 2nd period - Brandon Sutter wins face-off versus Nate Thompson in Penguins zone.
18:32 of 2nd period - Wrist shot by Kyle Palmieri.
18:32 of 2nd period - Stopped by Ryan Miller without a rebound.
18:33 of 2nd period - Joe Thornton wins face-off versus Mikael Granlund in Penguins zone.
19:04 of 2nd period - Slapshot by Mark Giordano.
19:04 of 2nd period - Stopped by Cory Schneider without a rebound.
19:05 of 2nd period - Ryan Kesler wins face-off versus David Legwand in MapleLeafs zone.
19:05 of 2nd period - Ryan Kesler is hit by Anton Volchenkov.
19:11 of 2nd period - Christian Ehrhoff is hit by Zach Parise and loses puck.
19:31 of 2nd period - Wrist shot by David Legwand.
19:31 of 2nd period - Shot Misses the Net.
19:33 of 2nd period - Slapshot by Christian Ehrhoff.
19:33 of 2nd period - Stopped by Cory Schneider with a rebound.
19:41 of 2nd period - Snap shot by Vladimir Tarasenko.
19:41 of 2nd period - Stopped by Cory Schneider without a rebound.
19:42 of 2nd period - Patrick Sharp wins face-off versus Gregory Campbell in MapleLeafs zone.
Goals for this period are 0 for Penguins vs 1 for MapleLeafs.
Shots for this period are 14 for Penguins vs 12 for MapleLeafs.

3rd period


0:01 of 3rd period - Mikael Granlund wins face-off versus Joe Thornton in neutral zone.
0:36 of 3rd period - Slapshot by Mikael Granlund.
0:36 of 3rd period - Stopped by Cory Schneider with a rebound.
0:38 of 3rd period - Slapshot by Mark Giordano.
0:38 of 3rd period - Shot Misses the Net.
0:54 of 3rd period - David Legwand is hit by Ryan Kesler and loses puck.
1:19 of 3rd period - David Legwand is hit by Lee Stempniak and loses puck.
1:41 of 3rd period - Chris Butler is hit by Brandon Sutter and loses puck.
1:51 of 3rd period - Wrist shot by Kyle Palmieri.
1:51 of 3rd period - Shot Blocked by Anton Volchenkov.
1:53 of 3rd period - Snap shot by Brandon Sutter.
1:53 of 3rd period - Stopped by Ryan Miller without a rebound.
1:54 of 3rd period - Zack Smith wins face-off versus Nate Thompson in Penguins zone.
2:01 of 3rd period - Snap shot by Nick Foligno.
2:01 of 3rd period - Stopped by Ryan Miller without a rebound.
2:02 of 3rd period - Nate Thompson wins face-off versus Dominic Moore in Penguins zone.
2:19 of 3rd period - Wrist shot by Nathan MacKinnon.
2:19 of 3rd period - Stopped by Cory Schneider with a rebound.
2:31 of 3rd period - Snap shot by Zack Smith.
2:31 of 3rd period - Stopped by Ryan Miller without a rebound.
2:32 of 3rd period - Joe Thornton wins face-off versus Mikael Granlund in Penguins zone.
2:49 of 3rd period - Wrist shot by Alexander Steen.
2:49 of 3rd period - Shot Misses the Net.
3:09 of 3rd period - Slapshot by Alexander Steen.
3:09 of 3rd period - Shot Misses the Net.
3:27 of 3rd period - Snap shot by Nail Yakupov.
3:27 of 3rd period - Shot Blocked by Brendan Smith.
3:29 of 3rd period - Snap shot by Paul Gaustad.
3:29 of 3rd period - Shot Misses the Net.
3:31 of 3rd period - Slapshot by Cody Ceci.
3:31 of 3rd period - Stopped by Cory Schneider with a rebound.
3:46 of 3rd period - Snap shot by Nail Yakupov.
3:46 of 3rd period - Shot Misses the Net.
3:48 of 3rd period - Slapshot by Paul Gaustad.
3:48 of 3rd period - Stopped by Cory Schneider with a rebound.
3:50 of 3rd period - Slapshot by Chris Butler.
3:50 of 3rd period - Deflect By Nail Yakupov.
3:50 of 3rd period - Stopped by Cory Schneider without a rebound.
3:51 of 3rd period - Nate Thompson wins face-off versus Brandon Sutter in MapleLeafs zone.
4:10 of 3rd period - Snap shot by Kyle Palmieri.
4:10 of 3rd period - Stopped by Ryan Miller with a rebound.
4:12 of 3rd period - Wrist shot by Robyn Regehr.
4:12 of 3rd period - Deflect By Kyle Palmieri.
4:12 of 3rd period - Stopped by Ryan Miller with a rebound.
4:14 of 3rd period - Slapshot by Marc-Edouard Vlasic.
4:14 of 3rd period - Stopped by Ryan Miller without a rebound.
4:15 of 3rd period - Paul Gaustad wins face-off versus Zack Smith in Penguins zone.
4:15 of 3rd period - Paul Gaustad is hit by Dominic Moore.
4:25 of 3rd period - Backhand shot by Dan Hamhuis.
4:25 of 3rd period - Deflect By Nail Yakupov.
4:25 of 3rd period - Stopped by Cory Schneider without a rebound.
4:26 of 3rd period - Zack Smith wins face-off versus Paul Gaustad in MapleLeafs zone.
4:31 of 3rd period - Wrist shot by Nail Yakupov.
4:31 of 3rd period - Stopped by Cory Schneider with a rebound.
5:26 of 3rd period - Slapshot by Marc-Edouard Vlasic.
5:26 of 3rd period - Shot Blocked by Mark Giordano.
5:28 of 3rd period - Snap shot by Justin Williams.
5:28 of 3rd period - Stopped by Ryan Miller with a rebound.
5:30 of 3rd period - Slapshot by Robyn Regehr.
5:30 of 3rd period - Stopped by Ryan Miller with a rebound.
5:32 of 3rd period - Wrist shot by Robyn Regehr.
5:32 of 3rd period - Stopped by Ryan Miller with a rebound.
5:34 of 3rd period - Slapshot by Marc-Edouard Vlasic.
5:34 of 3rd period - Shot Misses the Net.
5:36 of 3rd period - Slapshot by Justin Williams.
5:36 of 3rd period - Shot Blocked by Dan Hamhuis.
5:38 of 3rd period - Slapshot by Robyn Regehr.
5:38 of 3rd period - Shot Blocked by Dan Hamhuis.
6:19 of 3rd period - Chris Butler is hit by Robyn Regehr and loses puck.
6:34 of 3rd period - Slapshot by Kyle Palmieri.
6:34 of 3rd period - Stopped by Ryan Miller with a rebound.
6:46 of 3rd period - Slapshot by David Legwand.
6:46 of 3rd period - Deflect By Vladimir Tarasenko.
6:46 of 3rd period - Shot Blocked by David Savard.
6:46 of 3rd period - Puck is out of play.
6:47 of 3rd period - Brandon Sutter wins face-off versus Paul Gaustad in MapleLeafs zone.
7:47 of 3rd period - Slapshot by Zack Smith.
7:47 of 3rd period - Stopped by Ryan Miller without a rebound.
7:48 of 3rd period - David Legwand wins face-off versus Joe Thornton in Penguins zone.
8:45 of 3rd period - Nail Yakupov is hit by Ryan Kesler and loses puck.
9:07 of 3rd period - Wrist shot by Ryan Kesler.
9:07 of 3rd period - Shot Misses the Net.
9:44 of 3rd period - Wrist shot by Brandon Sutter.
9:44 of 3rd period - Shot Misses the Net.
10:04 of 3rd period - Snap shot by Nick Foligno.
10:04 of 3rd period - Stopped by Ryan Miller without a rebound.
10:05 of 3rd period - Zack Smith wins face-off versus Mikael Granlund in Penguins zone.
11:02 of 3rd period - Snap shot by Alexander Steen.
11:02 of 3rd period - Stopped by Ryan Miller with a rebound.
11:10 of 3rd period - Christian Ehrhoff is hit by Joe Thornton and loses puck.
11:19 of 3rd period - Brendan Smith is hit by Christian Ehrhoff and loses puck.
11:20 of 3rd period - Brendan Smith from MapleLeafs is injured at 11:20 of 3rd period (Sore Right Knee).
11:21 of 3rd period - David Legwand wins face-off versus Joe Thornton in MapleLeafs zone.
11:30 of 3rd period - Wrist shot by Nathan MacKinnon.
11:30 of 3rd period - Stopped by Cory Schneider with a rebound.
11:38 of 3rd period - David Legwand is hit by Robyn Regehr and loses puck.
13:06 of 3rd period - Paul Gaustad is hit by Kyle Palmieri and loses puck.
14:37 of 3rd period - Icing by Chris Butler.
14:38 of 3rd period - Joe Thornton wins face-off versus Mikael Granlund in Penguins zone.
15:05 of 3rd period - Joe Thornton is hit by Jimmy Hayes and loses puck.
15:48 of 3rd period - Snap shot by Nathan MacKinnon.
15:48 of 3rd period - Stopped by Cory Schneider with a rebound.
15:50 of 3rd period - Wrist shot by Nathan MacKinnon.
15:50 of 3rd period - Shot Misses the Net.
16:54 of 3rd period - Snap shot by Drew Doughty.
16:54 of 3rd period - Stopped by Ryan Miller with a rebound.
17:16 of 3rd period - Snap shot by Patrick Sharp.
17:16 of 3rd period - Shot Misses the Net.
17:18 of 3rd period - Snap shot by Mikael Granlund.
17:18 of 3rd period - Stopped by Cory Schneider without a rebound.
17:19 of 3rd period - Joe Thornton wins face-off versus Mikael Granlund in MapleLeafs zone.
18:30 of 3rd period - Backhand shot by Kyle Palmieri.
18:30 of 3rd period - Shot Blocked by Nathan MacKinnon.
18:32 of 3rd period - Wrist shot by Gregory Campbell.
18:32 of 3rd period - Stopped by Ryan Miller with a rebound.
18:34 of 3rd period - Snap shot by Brandon Sutter.
18:34 of 3rd period - Stopped by Ryan Miller with a rebound.
18:36 of 3rd period - Backhand shot by Karl Alzner.
18:36 of 3rd period - Shot Misses the Net.
18:38 of 3rd period - Slapshot by Karl Alzner.
18:38 of 3rd period - Shot Misses the Net.
18:40 of 3rd period - Wrist shot by Kyle Palmieri.
18:40 of 3rd period - Shot Misses the Net.
18:42 of 3rd period - Slapshot by David Savard.
18:42 of 3rd period - Stopped by Ryan Miller with a rebound.
18:44 of 3rd period - Slapshot by Karl Alzner.
18:44 of 3rd period - Stopped by Ryan Miller with a rebound.
18:46 of 3rd period - Wrist shot by Karl Alzner.
18:46 of 3rd period - Stopped by Ryan Miller without a rebound.
18:47 of 3rd period - Mikael Granlund wins face-off versus Zack Smith in Penguins zone.
19:38 of 3rd period - Slapshot by Nail Yakupov.
19:38 of 3rd period - Shot Misses the Net.
Goals for this period are 0 for Penguins vs 0 for MapleLeafs.
Shots for this period are 10 for Penguins vs 19 for MapleLeafs.

Overtime #1


0:01 of 1st overtime period - Joe Thornton wins face-off versus Mikael Granlund in neutral zone.
0:06 of 1st overtime period - Wrist shot by Alexander Steen.
0:06 of 1st overtime period - Stopped by Ryan Miller with a rebound.
0:33 of 1st overtime period - Snap shot by Joe Thornton.
0:33 of 1st overtime period - Goal by Joe Thornton - Penguins : 1 - MapleLeafs : 2.
Goals for this period are 0 for Penguins vs 1 for MapleLeafs.
Shots for this period are 0 for Penguins vs 2 for MapleLeafs.


Output by the SimonT Hockey Simulator (STHS) for Eric Dolegowski -- Original Page W3C XHTML 1.0 Valid
Hockey Simulator - Hockey Simulation - Hockey Manager